 Dungeon Crawl Stone Soup version 0.28.0-49-g6dfe1f597d (webtiles) character file.

Game seed: 6748934445910416125

98 Zeld the Chiller (level 4, 0/36 HPs)
             Began as a Ghoul Ice Elementalist on May 17, 2022.
             Slain by a gnoll
             ... wielding a +0 spear
              (4 damage)
             ... on level 4 of the Dungeon.
             The game lasted 00:03:29 (3615 turns).

Zeld the Chiller (Ghoul Ice Elementalist)           Turns: 3615, Time: 00:03:29

Health: 0/36       AC:  3    Str: 11    XL:     4   Next: 69%
Magic:  3/6        EV: 12    Int: 12    God:
Gold:   127        SH:  0    Dex:  9    Spells: 0/7 levels left

rFire   . . .      SeeInvis .   (no weapon)
rCold   + . .      Faith    .   (no shield)
rNeg    + + +      Spirit   .   a - +0 robe
rPois   ∞          Reflect  .   (no helmet)
rElec   .          Harm     .   (no cloak)
rCorr   .          Rampage  .   i - +0 pair of gloves
Will    .....                   (no boots)
Stlth   ++........              (no amulet)
HPRegen 0.00/turn               (no ring)
MPRegen 0.10/turn               (no ring)

@: freezing walls, inhibited regen
A: claws 1, cold resistance 1, negative energy resistance 3, inhibited
regeneration, torment resistance 2
a: no special abilities


You were on level 4 of the Dungeon.
You visited 1 branch of the dungeon, and saw 4 of its levels.

You collected 127 gold pieces.

Inventory:

Armour
 a - a +0 robe (worn)
 i - a +0 pair of gloves (worn)
Scrolls
 b - 7 scrolls of identify {unknown}
 e - a scroll of enchant armour {unknown}
 f - a scroll of noise {unknown}
 h - 2 scrolls of enchant weapon {unknown}
 j - a scroll of holy word {unknown}
 l - a scroll of blinking {unknown}
Potions
 c - a potion of lignification {unknown}
 d - 2 potions of curing {unknown}
 g - 2 potions of heal wounds {unknown}
 k - a potion of flight {unknown}


   Skills:
 * Level 2.2 Fighting
 + Level 2.2 Dodging
 + Level 2.6 Stealth
 * Level 2.3 Spellcasting
 * Level 5.1 Ice Magic


You couldn't memorise any spells.
You knew the following spells:

 Your Spells              Type           Power      Damage    Failure   Level
a - Freeze                Ice            52%        1d7       3%          1
b - Frozen Ramparts       Ice            26%        1d4       10%         3
c - Ozocubu's Armour      Ice            13%        N/A       10%         3

Your spell library contained the following spells:

 Spells                   Type           Power      Damage    Failure   Level
 Hailstorm                Conj/Ice       7%         3d4       67%         4


Dungeon Overview and Level Annotations

Branches:
Dungeon (4/15)
 Temple: D:4-7

Altars:
Ashenzari
Fedhas
Wu Jian

Annotations:
D:4 Menkaure


Innate Abilities, Weirdness & Mutations

You thrive by killing the living.
You are immune to poison.
You have sharp fingernails.
Your flesh is cold resistant. (rC+)
You are immune to negative energy. (rN+++)
You do not regenerate when monsters are visible.
You are immune to unholy pain and torment.


Message History

Unknown command.
Things that are here:
a +0 whip; a +0 plate armour A hound skeleton comes into view.
A scorpion comes into view.
The scorpion moves out of view.
Found a war axe.
Found 27 sling bullets.
The kobold barely misses you. The kobold hits you with a +0 whip.
The kobold barely misses you. The kobold hits you with a +0 whip.
Casting: Freeze (safe; 3% risk of failure)
Confirm with . or Enter, or press ? or * to list all spells.
The spell is quite dangerous to miscast (10% risk of failure)!
Continue anyway?
Okay, then.
Casting: Frozen Ramparts (quite dangerous; 10% risk of failure)
Confirm with . or Enter, or press ? or * to list all spells.
The spell is quite dangerous to miscast (10% risk of failure)!
Continue anyway?
Casting: Frozen Ramparts (quite dangerous; 10% risk of failure)
Press: ? - help, Dir - look around, f - activate The walls around you are covered in ice.
The wall freezes the scorpion.
The wall freezes the gnoll.
The wall freezes the kobold.
You kill the kobold!
You feel better.
The wall freezes the scorpion.
The wall freezes the scorpion.
The scorpion stings you!
The wall freezes the gnoll. x2
Unknown command.
The wall freezes the scorpion.
The scorpion stings you!
* * * LOW HITPOINT WARNING * * *
The wall freezes the gnoll.
The gnoll hits you from afar with a +0 spear.
* * * LOW HITPOINT WARNING * * *
The wall freezes the gnoll.
Unknown command.
The wall freezes the scorpion.
The scorpion misses you.
The wall freezes the gnoll. x2
The gnoll hits you from afar with a +0 spear.
You die...

#.# #.## ###..###
......# #..#.#### #
#######..Z....# ..
gg...g......#.# #.#
.######..#..#g####...#
.# #.....Zggs@....# ..
#...#######.(..... ..
#...# ....... g..
.....# ....#.# ...
#).s..# ......#
....#.#...# ..#####
#......# .## .#.#....
.#


You could see a scorpion, 3 gnolls and a hound skeleton.

Vanquished Creatures
  An adder (D:3)
  A worm (D:2)
  7 orcs
  9 ball pythons
  3 bats
  6 endoplasms
  2 giant cockroaches
  7 goblins
  10 hobgoblins
  6 jackals
  3 quokkas
  2 frilled lizards
  6 kobolds
  7 rats
70 creatures vanquished.

Vanquished Creatures (others)
  A fungus (D:2)
  2 plants (D:2)
3 creatures vanquished.

Grand Total: 73 creatures vanquished

Notes
Turn   | Place    | Note
-------+----------+-------------------------------------------
     0 | D:1      | Zeld the Ghoul Ice Elementalist began the quest for the
                  | Orb.
     0 | D:1      | Reached XP level 1. HP: 14/14 MP: 2/2
     2 | D:1      | Noticed a formicid
     2 | D:1      | Noticed a troll
     4 | D:1      | Noticed an octopode
     4 | D:1      | Noticed a ghoul
     8 | D:1      | Noticed a vine stalker
     8 | D:1      | Noticed a gargoyle
    10 | D:1      | Noticed a tengu
    12 | D:1      | Noticed a felid
    12 | D:1      | Noticed a spriggan
    14 | D:1      | Noticed a draconian
    14 | D:1      | Noticed a vampire
    16 | D:1      | Noticed an elf
    16 | D:1      | Noticed a minotaur
    18 | D:1      | Noticed an ogre
    18 | D:1      | Noticed a naga
    20 | D:1      | Noticed a demigod
    22 | D:1      | Noticed a merfolk
    22 | D:1      | Noticed a human
    24 | D:1      | Noticed a demonspawn
    26 | D:1      | Noticed a dwarf
   236 | D:1      | Reached XP level 2. HP: 19/22 MP: 0/3
   390 | D:1      | Reached skill level 1 in Fighting
   681 | D:1      | Reached XP level 3. HP: 15/28 MP: 0/5
   685 | D:1      | Learned a level 3 spell: Frozen Ramparts
  1758 | D:2      | Found a faded altar of an unknown god.
  2163 | D:3      | Found a blossoming altar of Fedhas.
  2256 | D:3      | Reached XP level 4. HP: 36/36 MP: 1/6
  2297 | D:3      | Learned a level 3 spell: Ozocubu's Armour
  2602 | D:3      | Reached skill level 5 in Ice Magic
  3448 | D:4      | Found a broken altar of Ashenzari.
  3468 | D:4      | Found an ornate altar of the Wu Jian Council.
  3523 | D:4      | Noticed Menkaure
  3597 | D:4      | Noticed a scorpion
  3615 | D:4      | Slain by a gnoll

Illustrated notes

Levels and vault maps discovered:
D:1:      kb_arrival_jail, layout_loops_ring, minmay_crystal_room
D:2:      layout_rooms, shapermc_ecumenical_altar_acropolis, grunt_ministairs_9,
          minivault_14, minmay_unequal
D:3:      layout_basic, mainiacjoe_overflow_alcove_4
D:4:      minmay_door_path, layout_loops_ring, ashenzari_altar_1,
          mainiacjoe_overflow_six_doors_small, serial_shops,
          nicolae_shop_behind_doors, nicolae_take_the_stairs, shop,
          gup_sewer_entry_bubbles, nicolae_figureground_sparkle, uniq_menkaure

Skill      XL: |  1  2  3  4 |
---------------+-------------+-----
Fighting       | 1 2 |  2.2
Spellcasting   | 2 |  2.3
Dodging        | 2 |  2.2
Ice Magic      | 5 |  5.1
Stealth        | |  2.6

Action                   |  1- 3 |  4- 6 || total
-------------------------+-------+-------++-------
Melee: Unarmed           |    15 |    37 ||    52
       Short sword       |    54 |       ||    54
 Cast: Freeze            |    53 |    40 ||    93
       Frozen Ramparts   |       |     1 ||     1
 Stab: Sleeping          |     3 |     1 ||     4
Armor: Robe              |    19 |     9 ||    28
Dodge: Dodged            |    75 |    39 ||   114
